← All builds
Suicide front / Armada / Factory first / OBSERVED BUILD

Standard suicide front

The role's default: factory first (mostly Bot Lab), pushing Rocketeer-led bot play into the middle to contest and hold the front, with an Advanced Metal Extractor around 9:36 as the natural transition.

Usually lab first (63%)

#raid #push · 1291 distinct matches · 127 players · 71% of Armada Suicide front games · team won 59% of 1529 · Recently observed

HOW TO PLAY IT

Key timing: Bot Lab by 0:20

  1. Open with mex and wind, drop Bot Lab immediately.
  2. Push out first "Centurion" as Pond's boost lands.
  3. Send "Rocketeer", "Centurion", "Pawn" mix to contest middle.
  4. Add Dragon's Teeth and Sentries to hold the line.
  5. Get Advanced Metal Extractor up as T2 nears.

Phase by phase

TYPICAL OF ITS 1291 GAMES
  1. 1
  2. 2
  3. 3
PLAY THE OPENING

Follow the example game's first 6:00 step by step: what to build now, what comes next, and where it goes. At 1× it keeps pace with your own game.

  1. 1

    Bot Lab first

    Order
    1. Bot LabBot Lab done ~0:20, middle half 0:20–0:33

    Some games also: mex (36%)

  2. 2

    Bot Lab to 5:00

    Economy
    • Metal Extractor5Mex
    • Wind Turbine4Wind
    Builders
    • Construction Bot3 Con bot
    • Lazarus2 Lazarus
    Army
    • Sentry4 Sentry
    • Rocketeer17 Rocketeer
    • Tick2 Tick
    • Centurion1 Centurion
    Other
    • Radar Tower1 Radar Tower

    Some games also: con turret (35%) · pawn (32%)

    By 5:00 in all: 5 mex · 4 wind

    The example game in this phase · 33 steps
    1. Construction BotCon bot
    2. SentrySentry
    3. LazarusLazarus
    4. Wind
    5. Construction BotCon bot
    6. Mex
    7. PawnPawn
    8. Construction BotCon bot
    9. SentrySentry
    10. Mex
    11. CenturionCenturion
    12. LazarusLazarus
    13. SentrySentry
    14. RocketeerRocketeer
    15. Mex ×2
    16. RocketeerRocketeer
    17. SentrySentry
    18. RocketeerRocketeer
    19. SentrySentry
    20. RocketeerRocketeer ×2
    21. Mex
    22. RocketeerRocketeer
    23. SentrySentry
    24. RocketeerRocketeer ×2
    25. BeamerBeamer
    26. RocketeerRocketeer ×2
    27. BeamerBeamer
    28. RocketeerRocketeer ×5
    29. Construction BotCon bot
    30. LazarusLazarus ×2
    31. CenturionCenturion
    32. RocketeerRocketeer
    33. BeamerBeamer
  3. 3

    5:00 to 10:00

    Economy
    • Metal Extractor1Mex
    • Wind Turbine17Wind
    Builders
    • Construction Turret2 Con turret
    • Lazarus2 Lazarus
    • Construction Bot1 Con bot
    Army
    • Sentry1 Sentry
    • Rocketeer8 Rocketeer
    • Pawn1 Pawn

    Some games also: tick (47%) · energy storage (46%) · Radar Tower (46%) · centurion (45%) · Beamer (39%)

    By 10:00 in all: 6 mex · 23 wind · 1 energy storage · 3 con turret

    The example game in this phase · 161 steps
    1. RocketeerRocketeer ×3
    2. LazarusLazarus
    3. RocketeerRocketeer ×5
    4. CenturionCenturion ×2
    5. RocketeerRocketeer
    6. Radar TowerRadar Tower
    7. AggravatorAggravator
    8. CenturionCenturion
    9. NettleNettle
    10. CenturionCenturion
    11. Con turret
    12. CenturionCenturion
    13. Mex
    14. Wind
    15. CenturionCenturion
    16. Wind ×2
    17. Con turret
    18. Advanced Metal ExtractorT2 mexdone 8:48 · typical 9:36
    19. Con turret ×2
    20. Wind
    21. Solar
    22. Wind
    23. Energy storage
    24. Wind
    25. Advanced Metal ExtractorT2 mex
    26. Con turret
    27. Wind ×9
    28. Sneaky PeteSneaky Pete
    29. Wind ×5
    30. Advanced Metal ExtractorT2 mex
    31. Wind ×7
    32. Con turret
    33. Wind ×4
    34. Advanced Metal ExtractorT2 mex
    35. Wind
    36. Metal storage
    37. Wind
    38. Con turret
    39. Wind
    40. TickTick ×2
    41. Con turret
    42. Wind
    43. TickTick ×4
    44. Con turret
    45. Wind
    46. TickTick ×3
    47. Wind
    48. TickTick ×3
    49. Wind
    50. TickTick
    51. RattlesnakeRattlesnakedone 11:40
    52. TickTick ×3
    53. Wind
    54. TickTick ×3
    55. Wind
    56. TickTick ×3
    57. Wind
    58. TickTick
    59. Dragon's TeethDragon's Teeth
    60. TickTick
    61. Dragon's TeethDragon's Teeth
    62. TickTick
    63. Dragon's TeethDragon's Teeth ×2
    64. TickTick
    65. Dragon's ClawDragon's Claw
    66. Wind
    67. Dragon's TeethDragon's Teeth
    68. TickTick
    69. Dragon's TeethDragon's Teeth
    70. TickTick
    71. Dragon's ClawDragon's Claw
    72. Dragon's TeethDragon's Teeth
    73. TickTick
    74. Wind
    75. TickTick
    76. Advanced Metal ExtractorT2 mex
    77. TickTick ×3
    78. Wind
    79. Dragon's TeethDragon's Teeth
    80. TickTick
    81. Dragon's TeethDragon's Teeth
    82. TickTick
    83. Dragon's TeethDragon's Teeth
    84. TickTick
    85. Wind
    86. Dragon's TeethDragon's Teeth
    87. TickTick
    88. Dragon's TeethDragon's Teeth
    89. TickTick ×2
    90. Dragon's TeethDragon's Teeth ×2
    91. TickTick
    92. Dragon's TeethDragon's Teeth
    93. TickTick ×2
    94. Wind
    95. TickTick
    96. Dragon's TeethDragon's Teeth ×2
    97. TickTick
    98. Dragon's TeethDragon's Teeth
    99. TickTick
    100. Dragon's TeethDragon's Teeth
    101. TickTick
    102. Dragon's ClawDragon's Claw
    103. Wind
    104. TickTick ×3
    105. Wind
    106. TickTick ×5
    107. Wind
    108. TickTick ×4
    109. Wind
    110. TickTick ×3
    111. PulsarPulsardone 13:55
    112. TickTick
    113. Wind
    114. TickTick ×5
    115. SentrySentry
    116. Wind
    117. TickTick ×3
    118. Wind
    119. TickTick
    120. SentrySentry
    121. TickTick ×3
    122. Wind
    123. TickTick ×4
    124. Wind
    125. TickTick ×4
    126. Wind
    127. Fortification WallFortification Wall
    128. TickTick
    129. Fortification WallFortification Wall
    130. TickTick
    131. Fortification WallFortification Wall
    132. TickTick
    133. Wind
    134. Fortification WallFortification Wall
    135. TickTick ×4
    136. Wind
    137. TickTick ×3
    138. Fusion ReactorFusiondone 14:57
    139. TickTick ×2
    140. Wind
    141. TickTick ×4
    142. Con turret
    143. TickTick
    144. Wind
    145. TickTick ×4
    146. Wind
    147. Con turret
    148. TickTick ×4
    149. Wind
    150. TickTick ×5
    151. Wind
    152. TickTick ×2
    153. Advanced Bot LabAdvanced Bot Labnot finished by 15:00
    154. TickTick ×3
    155. Wind
    156. TickTick
    157. BeamerBeamer
    158. TickTick ×3
    159. Wind
    160. TickTick ×4
    161. Wind

Counts are medians over the build's games: half of them build more, half fewer. The example game is EpicTyrannus's (42 OS, 29/09/2026); pick another.

Team trades

IN AT LEAST 30% OF ITS GAMES

You hand over

Nothing regular.

You get

  • Tidal Generator4 Tidal from Pondfirst at 0:10 · in 69% of games
  • Advanced Construction Bot1 T2 con bot from Geo or Techfirst at 7:30 · in 59% of games

How it plays out

Typical game of this build, running totals by minute

Metal produced

010k20k30k
0:005:0010:0015:00

metal

Enemy metal destroyed

05k10k
0:005:0010:0015:00

metal

Own metal lost

05k10k
0:005:0010:0015:00

metal

1529 games.

Show as table
ByMetal produced: This buildEnemy metal destroyed: This buildOwn metal lost: This build
1:0022600
2:0088800
3:002051180106
4:003161658496
5:00424314131026
6:00543322981789
7:00667031752710
8:00792040313619
9:00931747964495
10:001069954265316
11:001226559036054
12:001411365126830
13:001622270137536
14:001810976968373
15:002046683299249
WHAT THE NUMBERS SAY

Standard suicide front play wins slightly more than half its games with fast kills but also fast losses, matching the raw grind of the role.

  • + First kill lands by 2:04 in all games
  • + Metal produced reaches 19882 by 15:00
  • − Own metal lost hits 9208 by 15:00, near metal destroyed of 8172
  • − First unit lost as early as 2:08 in every game
THE EXAMPLE YOU ARE READING

EpicTyrannus

41.8 OS · 29/09/2026

Open source match ↗

5 received units · includes a constructor
185 metal received · 54192 energy received

Allied construction assistance is unknown. Timings are observations, not a promise of solo reproducibility.

Typical milestones

Bot Lab0:20Middle 50%: 0:20–0:33 · n=1522
Advanced Metal Extractor9:36Middle 50%: 8:41–10:48 · n=1128

Played most by

_X_253games of this buildPlatinumBlonde181games of this buildXad120games of this buildImmort73games of this buildwatermeloans60games of this build